[Event "Titled Tuesday Blitz May 30 Early 2023"]
[White "Degenbaev, Aziz"]
[Black "Fishchuk, Vladyslav"]
[WhiteFideId "13802640"]
[BlackFideId "34122117"]
[WhiteElo "2152"]
[BlackElo "2082"]
[Result "0-1"]
[Round "09"]
[TimeControl "180+2"]
[Date "2023.05.30"]
[WhiteClock "0:00:13"]
[BlackClock "0:00:19"]

1. e4 c5 2. Nf3 Nf6 3. e5 Nd5 4. Nc3 e6 5. d4 Nc6 6. Nxd5 exd5 7. Bd3 cxd4 8. O-O d6 9. exd6 h6 10. Re1+ Be6 11. Bb5 Bxd6 12. Nxd4 O-O 13. c3 Qh4 14. Nf3 Qf6 15. h3 Rad8 16. Be3 a6 17. Bxc6 bxc6 18. Bd4 Qf5 19. b4 Rfe8 20. Ne5 Bd7 21. Nxd7 Qxd7 22. Qd3 Bc7 23. Qxa6 Qd6 24. g3 h5 25. Bc5 Qg6 26. b5 Bxg3 27. Qxc6 Bd6+ 28. Kh1 Re6 29. Qxd5 Qf6 30. Bxd6 Rdxd6 31. Rxe6 Rxe6 32. Qd4 Qf3+ 33. Kh2 Re2 34. Rf1 Rxa2 35. b6 Rb2 36. c4 Rb3 37. Qd8+ Kh7 38. Qd7 f5 39. Qd5 Qxh3+ 40. Kg1 Rxb6 41. Qg2 Rg6 42. Qxg6+ Kxg6 43. Rd1 Qg4+ 44. Kh2 Qxd1 45. c5 Qc2 46. c6 Qc5 47. Kg3 Qxc6 48. Kh4 Qf6+ 49. Kg3 Qg5+ 50. Kh3 Qg4+ 51. Kh2 f4 52. f3 Qxf3 53. Kg1 Qe2 54. Kh1 Kf5 55. Kg1 Kg4 56. Kh1 Kg3 57. Kg1 Qg2# 0-1


[Site "https://www.chess.com"]

[Event "Titled Tuesday Blitz May 30 Early 2023"]
[White "Garv Gaur"]
[Black "Grave, Jacob Templen"]
[WhiteFideId "45030839"]
[BlackFideId "1542656"]
[WhiteElo "2068"]
[BlackElo "2189"]
[Result "1-0"]
[Round "09"]
[TimeControl "180+2"]
[Date "2023.05.30"]
[WhiteClock "0:00:54"]
[BlackClock "0:00:02"]

1. Nf3 c5 2. g3 b6 3. Bg2 Bb7 4. O-O Nf6 5. a3 e6 6. c4 Be7 7. Nc3 O-O 8. d3 d5 9. b3 d4 10. Nb1 Nc6 11. Nbd2 Qc7 12. Bb2 h6 13. Re1 Rad8 14. Qc2 Rfe8 15. Rad1 a5 16. Nf1 e5 17. e3 Bd6 18. N1d2 Nd7 19. exd4 exd4 20. Ne4 Bf8 21. Nh4 g6 22. Bc1 Bg7 23. Bf4 Nde5 24. Nf3 Nxf3+ 25. Bxf3 Qd7 26. Nd6 Rxe1+ 27. Rxe1 Ba8 28. Bd5 Rf8 29. Nb5 Nb4 30. axb4 Bxd5 31. cxd5 Qxb5 32. bxc5 bxc5 33. d6 Rd8 34. Re7 g5 35. Be5 Bxe5 36. Rxe5 Rxd6 37. Rxc5 Qb4 38. Re5 Rf6 39. Qc8+ Kg7 40. Re8 Rb6 41. Rg8+ Kf6 42. Qd8+ Kf5 43. Qd5+ Kg4 44. Kg2 Qxb3 45. Qf3# 1-0


[Site "https://www.chess.com"]

[Event "Titled Tuesday Blitz May 30 Early 2023"]
[White "Budrewicz, Krzysztof"]
[Black "Dinu, Dumitru-Daniel"]
[WhiteFideId "1127950"]
[BlackFideId "1208403"]
[WhiteElo "2230"]
[BlackElo "2240"]
[Result "1-0"]
[Round "09"]
[TimeControl "180+2"]
[Date "2023.05.30"]
[WhiteClock "0:01:03"]
[BlackClock "0:00:01"]

1. d4 Nf6 2. c4 e6 3. Nf3 Bb4+ 4. Nbd2 b6 5. g3 Bb7 6. Bg2 O-O 7. O-O Bxd2 8. Qxd2 d6 9. b4 Ne4 10. Qc2 f5 11. Bb2 a5 12. a3 Nd7 13. d5 e5 14. Nh4 g6 15. Bxe4 fxe4 16. Qxe4 b5 17. cxb5 Nf6 18. Qe3 Nxd5 19. Qh6 Qf6 20. e4 Nb6 21. f4 Qg7 22. Qxg7+ Kxg7 23. bxa5 Rxa5 24. fxe5 Rxb5 25. Bd4 dxe5 26. Rxf8 Kxf8 27. Bxb6 cxb6 28. Re1 Rb3 29. a4 Rb4 30. Nf3 Bxe4 31. Nxe5 Bc2 32. Nd7+ Kf7 33. Ra1 Ke7 34. Ne5 Bxa4 35. Re1 Kf6 36. Nd3 Rd4 37. Nf4 b5 38. Re6+ Kg7 39. Rb6 b4 40. Ne6+ 1-0


[Site "https://www.chess.com"]

[Event "Titled Tuesday Blitz May 30 Early 2023"]
[White "Gheorghiu, Calin"]
[Black "Abdilkhair, Abilmansur"]
[WhiteFideId "1200305"]
[BlackFideId "13716417"]
[WhiteElo "2223"]
[BlackElo "2215"]
[Result "1-0"]
[Round "09"]
[TimeControl "180+2"]
[Date "2023.05.30"]
[WhiteClock "0:01:03"]
[BlackClock "0:00:14"]

1. e4 e5 2. Nf3 Nc6 3. Bb5 a6 4. Ba4 Nf6 5. d3 b5 6. Bb3 Be7 7. O-O d6 8. c3 O-O 9. Re1 Na5 10. Bc2 c5 11. Nbd2 Nc6 12. Nf1 Re8 13. Ng3 Bf8 14. h3 h6 15. d4 exd4 16. cxd4 cxd4 17. Nxd4 Nxd4 18. Qxd4 Be6 19. Bf4 Rc8 20. Qd2 d5 21. e5 Nd7 22. Rad1 Qc7 23. Bb1 Nb6 24. Qd3 g6 25. Nh5 Kh8 26. Nf6 Red8 27. Qg3 Na4 28. Qh4 Qc4 29. Re4 dxe4 30. Rxd8 g5 31. Qxh6# 1-0


[Site "https://www.chess.com"]

[Event "Titled Tuesday Blitz May 30 Early 2023"]
[White "Srebrnic, Marko"]
[Black "Do Nascimento,Christian Almeida"]
[WhiteFideId "14603616"]
[BlackFideId "2143801"]
[WhiteElo "2341"]
[BlackElo "2118"]
[Result "1-0"]
[Round "09"]
[TimeControl "180+2"]
[Date "2023.05.30"]
[WhiteClock "0:00:12"]
[BlackClock "0:00:07"]

1. e4 c5 2. Nf3 d6 3. g3 Nf6 4. Qe2 Nc6 5. c3 g6 6. Bg2 Bg7 7. O-O O-O 8. Na3 a6 9. Nc2 b5 10. a4 b4 11. d3 a5 12. Rd1 Ba6 13. Qe1 Rb8 14. Ne3 Nd7 15. d4 bxc3 16. bxc3 cxd4 17. cxd4 Nb4 18. Bf1 Bb7 19. Nc4 Nc2 20. Qc3 Nxa1 21. Qxa1 Bxe4 22. Ng5 Ba8 23. Bd2 Nb6 24. Bxa5 e6 25. h4 Qc7 26. Nxb6 Rxb6 27. Bxb6 Qxb6 28. Bg2 Bxg2 29. Kxg2 Ra8 30. h5 Qc6+ 31. Kh2 Rxa4 32. Qb2 Ra8 33. Qe2 Qd5 34. Nh3 Ra2 35. Qe3 Qxh5 36. Rb1 Ra8 37. Kg2 Qd5+ 38. Kg1 h6 39. Nf4 Qxd4 40. Qf3 Rc8 41. Rd1 Qe5 42. Nd3 Qf5 43. Qe2 Rc3 44. Nf4 Be5 45. Ng2 Rc2 46. Qe1 h5 47. Ne3 Qe4 48. Nxc2 Qxc2 49. Qd2 Qxd2 50. Rxd2 Kg7 51. Rc2 d5 52. Kg2 f5 53. f4 Bf6 54. Kf3 Kf7 55. Rc7+ Be7 56. Rb7 Kf6 57. Ke2 Bd6 58. Kf3 g5 59. fxg5+ Kxg5 60. Rd7 Be5 61. Rg7+ Kf6 62. Rg8 Bc3 63. Rh8 Kg5 64. Rg8+ Kf6 65. Rf8+ Ke5 66. Rh8 Kd4 67. Rxh5 e5 68. Rxf5 e4+ 69. Ke2 Kc4 70. Ke3 Bb2 71. Rf8 Bc1+ 72. Ke2 Bb2 73. g4 d4 74. Rc8+ Kd5 75. g5 d3+ 76. Kd2 Be5 77. g6 Bf4+ 78. Kd1 Bh6 79. Rh8 Bg7 80. Rh7 Bc3 81. g7 e3 82. g8=Q+ Kd4 83. Rh4+ Kc5 84. Qc4+ Kd6 85. Qxd3+ 1-0


[Site "https://www.chess.com"]

[Event "Titled Tuesday Blitz May 30 Early 2023"]
[White "WindWhistler11"]
[Black "ChawitAp"]
[WhiteElo "2544"]
[BlackElo "2425"]
[Result "0-1"]
[Round "09"]
[TimeControl "180+2"]
[Date "2023.05.30"]
[WhiteClock "0:00:00"]
[BlackClock "0:01:57"]

1. Nf3 d5 2. g3 c6 3. d3 Nf6 4. Nbd2 Bg4 5. e4 dxe4 6. dxe4 Nbd7 7. Bg2 Qc7 8. h3 Bxf3 9. Qxf3 e5 10. Qe2 Bc5 11. a3 a5 12. O-O a4 13. Nc4 O-O 14. Kh2 Rfd8 15. f4 exf4 16. Bxf4 Qc8 17. e5 Nd5 18. e6 N7f6 19. exf7+ Kxf7 20. Ne5+ Kg8 21. Bg5 Re8 22. Bxf6 Nxf6 23. Qc4+ Qe6 24. Qxe6+ Rxe6 0-1


[Site "https://www.chess.com"]

[Event "Titled Tuesday Blitz May 30 Early 2023"]
[White "Hajiyev, Kanan"]
[Black "Tologon tegin, Semetei"]
[WhiteFideId "13404148"]
[BlackFideId "13800574"]
[WhiteElo "2103"]
[BlackElo "2247"]
[Result "0-1"]
[Round "09"]
[TimeControl "180+2"]
[Date "2023.05.30"]
[WhiteClock "0:00:10"]
[BlackClock "0:00:59"]

1. c4 e5 2. b3 Nc6 3. Bb2 Nf6 4. g3 Bc5 5. Bg2 O-O 6. e3 d5 7. cxd5 Nxd5 8. Nc3 Ndb4 9. Bf1 Nd3+ 10. Bxd3 Qxd3 11. Qe2 Nb4 12. Rc1 Qd8 13. Kf1 Nd3 14. Rb1 b6 15. f3 Ba6 16. b4 Nxb4 17. Nb5 c6 18. a4 cxb5 19. axb5 Bb7 20. Bxe5 Nd3 21. Bc3 a6 22. Nh3 axb5 23. Kg2 b4 24. Ba1 Ra2 25. Bd4 Ne5 26. Rb2 Rxb2 27. Bxb2 Bxf3+ 28. Qxf3 Nxf3 29. Kxf3 Qd5+ 30. e4 Qd3+ 0-1


[Site "https://www.chess.com"]

[Event "Titled Tuesday Blitz May 30 Early 2023"]
[White "Estrada Nieto, Julian"]
[Black "Sadovsky, Artem"]
[WhiteFideId "5101018"]
[BlackFideId "4155840"]
[WhiteElo "2161"]
[BlackElo "2314"]
[Result "1-0"]
[Round "09"]
[TimeControl "180+2"]
[Date "2023.05.30"]
[WhiteClock "0:00:13"]
[BlackClock "0:01:38"]

1. e4 g6 2. d4 Bg7 3. Nf3 d6 4. Nc3 e5 5. Be2 Nc6 6. dxe5 Nxe5 7. Nxe5 dxe5 8. Qxd8+ Kxd8 9. Bg5+ f6 10. O-O-O+ Ke8 11. Nd5 fxg5 12. Nxc7+ Kf8 13. Nxa8 Be6 14. Nc7 Bf7 15. Rd8+ Ke7 16. Rhd1 Nf6 17. Rxh8 Bxh8 18. f3 g4 19. Nb5 a6 20. Nd6 Be6 21. Nxb7 Bg7 22. Nc5 Bh6+ 23. Kb1 a5 24. Nxe6 Kxe6 25. c4 Be3 26. Kc2 Nd7 27. fxg4 g5 28. Rd3 Bd4 29. Rh3 Nf6 30. a3 Nxe4 31. Rxh7 Nf6 32. Rh6 e4 33. h4 Ke5 34. hxg5 Nd7 35. b4 axb4 36. axb4 Be3 37. Rh7 Nb6 38. g6 Kf6 39. g7 Kf7 40. g8=Q+ Kxg8 41. Rb7 Kf8 42. c5 Nd5 43. Bc4 Nf4 44. Rf7+ Ke8 45. c6 Nd3 46. c7 Nxb4+ 47. Kb3 Nc6 48. c8=Q+ Nd8 49. Rf8+ Kxf8 50. Qxd8+ Kg7 51. Qd5 Bf4 52. Qxe4 Bd6 53. Qf5 Be7 54. Bd5 Bf6 55. Be4 Be7 56. Kc4 Kh8 57. Kd5 Kg7 58. Ke6 Bg5 59. Qg6+ Kh8 60. Qh7# 1-0


[Site "https://www.chess.com"]

[Event "Titled Tuesday Blitz May 30 Early 2023"]
[White "Mazurkiewicz, Michal"]
[Black "Shvedova, Alexandra"]
[WhiteFideId "1124943"]
[BlackFideId "54154782"]
[WhiteElo "2054"]
[BlackElo "1973"]
[Result "1/2-1/2"]
[Round "09"]
[TimeControl "180+2"]
[Date "2023.05.30"]
[WhiteClock "0:00:12"]
[BlackClock "0:00:30"]

1. e4 c5 2. Nf3 d6 3. g3 Nf6 4. d3 Nc6 5. Bg2 g6 6. O-O Bg7 7. Re1 O-O 8. e5 dxe5 9. Nxe5 Nxe5 10. Rxe5 Nd7 11. Re1 e5 12. Nd2 Rb8 13. Nc4 Qc7 14. a4 b6 15. h4 Bb7 16. h5 Bxg2 17. Kxg2 Qc6+ 18. Qf3 Qxf3+ 19. Kxf3 h6 20. hxg6 fxg6+ 21. Kg2 Rbe8 22. Bd2 Kh7 23. a5 b5 24. Nd6 Rb8 25. a6 Rb6 26. Ne4 g5 27. Be3 Rc6 28. c4 Rb8 29. b3 Kg6 30. Ra5 bxc4 31. bxc4 Bf8 32. Rb5 Rbb6 33. Rxb6 Rxb6 34. Ra1 Rb3 35. Ra5 Rxd3 36. Nxc5 Nxc5 37. Bxc5 Bxc5 38. Rxc5 Rd6 39. Rxe5 Rxa6 40. Rb5 Rc6 41. c5 Kf5 42. Kf3 g4+ 43. Ke3 Ke5 44. Ra5 a6 45. Kd3 Kd5 46. Ke3 Ke5 47. Kd3 Kd5 48. Ke3 Ke5 1/2-1/2


[Site "https://www.chess.com"]

[Event "Titled Tuesday Blitz May 30 Early 2023"]
[White "Bilan, Danila"]
[Black "Harriott, Tyrell"]
[WhiteFideId "24161918"]
[BlackFideId "2086484"]
[WhiteElo "2182"]
[BlackElo "2107"]
[Result "1-0"]
[Round "09"]
[TimeControl "180+2"]
[Date "2023.05.30"]
[WhiteClock "0:00:39"]
[BlackClock "0:01:28"]

1. d4 e6 2. Nf3 d5 3. c4 c6 4. e3 Bd6 5. Nc3 f5 6. Ne5 Nf6 7. f4 O-O 8. Be2 Nbd7 9. Qc2 dxc4 10. Bxc4 Nd5 11. O-O N7f6 12. Bd2 Qe8 13. Rf3 b6 14. Rh3 Bb7 15. a3 Qe7 16. Be1 Rfc8 17. Bh4 Qe8 18. Bxf6 Nxf6 19. Qxf5 Nd5 20. Qxh7+ Kf8 21. Qh8+ Ke7 22. Qxg7+ Kd8 23. Qxb7 b5 24. Bxd5 exd5 25. Nf7+ 1-0


[Site "https://www.chess.com"]

[Event "Titled Tuesday Blitz May 30 Early 2023"]
[White "Ginzburg, Yakov"]
[Black "Martin Alvarez, Inigo"]
[WhiteFideId "4157176"]
[BlackFideId "2259354"]
[WhiteElo "2305"]
[BlackElo "2391"]
[Result "1/2-1/2"]
[Round "09"]
[TimeControl "180+2"]
[Date "2023.05.30"]
[WhiteClock "0:00:05"]
[BlackClock "0:00:19"]

1. d4 Nf6 2. Nf3 e6 3. g3 b6 4. Bg2 Bb7 5. O-O Be7 6. c4 c5 7. d5 exd5 8. Nh4 O-O 9. Nc3 Na6 10. Nf5 Re8 11. Bg5 h6 12. Bxf6 Bxf6 13. Nd6 Bxc3 14. bxc3 Qc7 15. Nxb7 Qxb7 16. Bxd5 Qc7 17. Bxa8 Rxa8 18. Qd5 Re8 19. e3 Nb8 20. Rad1 Re7 21. Qd6 Qxd6 22. Rxd6 Kf8 23. Rfd1 Ke8 24. a4 Nc6 25. f4 Na5 26. Re1 Nxc4 27. Rdd1 Re4 28. Kf2 Nb2 29. Rd2 Nxa4 30. Kf3 Re7 31. Ra1 b5 32. c4 a6 33. cxb5 axb5 34. Rb2 Rxe3+ 35. Kxe3 Nxb2 36. Ke4 Ke7 37. Kd5 Nd3 38. Rb1 b4 39. Kc4 Nf2 40. Kxc5 Ng4 41. Rb2 g5 42. fxg5 hxg5 43. Kxb4 f5 44. Kc4 f4 45. Kd5 fxg3 46. hxg3 Nh6 47. Ke5 d6+ 48. Ke4 Ke6 49. Rb5 Nf7 50. Rb8 d5+ 51. Kd4 Nd6 52. Rb6 Ke7 53. Kxd5 Nf5 54. Ke5 Nxg3 55. Rb7+ Kf8 56. Ke6 Ne4 57. Rb4 Nc5+ 58. Kf5 Nd7 59. Kxg5 Ke7 60. Kf5 Nf8 61. Ke5 Nd7+ 62. Kd5 Nf6+ 63. Kd4 Nd7 64. Ra4 Nf6 65. Ke5 Nd7+ 66. Kf5 Nb6 67. Rd4 Nd7 68. Rd1 Nb6 69. Rb1 Nd7 70. Re1+ Kd6 71. Re6+ Kc7 72. Rh6 Nb6 73. Ke6 Nc4 74. Rh1 Nb6 75. Rc1+ Kb7 76. Rb1 Ka6 77. Kd6 Ka5 78. Kc5 Na4+ 79. Kc6 Nc3 80. Rb2 Na4 81. Rb5+ Ka6 82. Rg5 Nc3 83. Rg1 Na4 84. Rb1 Ka5 85. Rb5+ Ka6 86. Rb8 Ka5 87. Rb5+ 1/2-1/2


[Site "https://www.chess.com"]

[Event "Titled Tuesday Blitz May 30 Early 2023"]
[White "hakanazeri2"]
[Black "Szente Varga, Fruzsina"]
[BlackFideId "712264"]
[WhiteElo "2520"]
[BlackElo "1994"]
[Result "0-1"]
[Round "09"]
[TimeControl "180+2"]
[Date "2023.05.30"]
[WhiteClock "0:00:02"]
[BlackClock "0:00:10"]

1. d4 Nf6 2. Nc3 d5 3. Bf4 g6 4. e3 Bg7 5. Nb5 Na6 6. c4 c6 7. Nc3 O-O 8. Nf3 Nc7 9. Rc1 Bg4 10. h3 Bxf3 11. Qxf3 dxc4 12. Bxc4 Ncd5 13. Nxd5 cxd5 14. Bb3 Qa5+ 15. Kf1 Rac8 16. Rxc8 Rxc8 17. g4 e6 18. Kg2 Ne4 19. Qe2 Qb4 20. Rd1 a5 21. f3 Nf6 22. Bg3 a4 23. Be1 Qd6 24. Bxa4 h5 25. Bg3 Qb4 26. Bb3 hxg4 27. hxg4 Nh7 28. Qd2 Qb6 29. Rc1 Rxc1 30. Qxc1 Ng5 31. Qc8+ Kh7 32. Bf4 Bf6 33. Qc2 Kg7 34. Qf2 Qb5 35. Bd1 Qa5 36. a3 Qb6 37. Qc2 Qb5 38. Be2 Qa5 39. Qc3 Qb6 40. Qb4 Qxb4 41. axb4 Nh7 42. b5 Nf8 43. b6 Nd7 44. Bc7 Kf8 45. Bb5 Ke8 46. Kf2 Bd8 47. Ke2 Ke7 48. Kd3 Bxc7 49. bxc7 Nb6 50. Kc3 Kd6 51. Kb4 Kxc7 52. Kc5 Nc8 53. Be8 Nd6 54. Ba4 b6+ 55. Kb4 Kb7 56. b3 Kc7 57. Kc3 f5 58. gxf5 gxf5 59. b4 Nf7 60. f4 Kd6 61. Kd3 Nh6 62. Be8 Ng4 63. Bh5 Nf6 64. Bf3 Nd7 65. Be2 Nb8 66. Kc3 Nc6 67. Kb3 Ne7 68. Ka4 Ng6 69. Bf3 Nh4 70. Bh1 Kc6 71. Ka3 Ng6 72. Kb3 Nf8 73. Bf3 Nd7 74. Ka4 Nf6 75. Be2 Nh7 76. Bb5+ Kd6 77. Be8 Nf6 78. Kb5 Nxe8 79. Kxb6 Kd7 80. b5 Nd6 81. Ka6 Kc7 82. b6+ Kc6 83. Ka7 Nb7 84. Ka6 Nd6 85. Ka7 Nc8+ 0-1


[Site "https://www.chess.com"]

[Event "Titled Tuesday Blitz May 30 Early 2023"]
[White "Chylewski, Patryk"]
[Black "Korpics, Zsolt"]
[WhiteFideId "1186191"]
[BlackFideId "705241"]
[WhiteElo "2163"]
[BlackElo "2371"]
[Result "1-0"]
[Round "09"]
[TimeControl "180+2"]
[Date "2023.05.30"]
[WhiteClock "0:00:18"]
[BlackClock "0:00:00"]

1. e4 c5 2. Nf3 e6 3. g3 Nc6 4. Bg2 Nf6 5. Qe2 d6 6. O-O Be7 7. c3 O-O 8. d4 cxd4 9. cxd4 e5 10. d5 Nb8 11. Nc3 Bg4 12. Be3 Nbd7 13. Rac1 a6 14. h3 Bxf3 15. Bxf3 Rc8 16. Rc2 b5 17. Rfc1 Nb6 18. Bxb6 Qxb6 19. Nd1 Qb7 20. Ne3 g6 21. Rc6 Rxc6 22. dxc6 Qb6 23. Nd5 Nxd5 24. exd5 Qc7 25. a4 Rb8 26. axb5 axb5 27. Ra1 f5 28. Qe3 Bd8 29. Ra7 Qb6 30. Qxb6 Bxb6 31. Rd7 Rc8 32. Be2 Rc7 33. Rxd6 b4 34. b3 e4 35. Ba6 Kf7 36. Bb7 Ke7 37. Re6+ Kf7 38. Kf1 Re7 39. Bc8 Rxe6 40. Bxe6+ Ke7 41. Bg8 h6 42. Bh7 g5 43. Bxf5 e3 44. fxe3 Bxe3 45. c7 1-0


[Site "https://www.chess.com"]

[Event "Titled Tuesday Blitz May 30 Early 2023"]
[White "Jaskolka, Tomasz"]
[Black "Avalos Parra, Joao"]
[WhiteFideId "1170791"]
[BlackFideId "3402541"]
[WhiteElo "2155"]
[BlackElo "2173"]
[Result "1-0"]
[Round "09"]
[TimeControl "180+2"]
[Date "2023.05.30"]
[WhiteClock "0:00:10"]
[BlackClock "0:00:08"]

1. e4 e5 2. Nf3 Nc6 3. Bc4 Bc5 4. b4 Bxb4 5. c3 Be7 6. d4 Na5 7. Bd3 d6 8. O-O Nf6 9. h3 O-O 10. Bg5 Nc6 11. Nbd2 h6 12. Be3 Re8 13. Rb1 Bf8 14. Qa4 Bd7 15. Qc2 Qc8 16. Bb5 a6 17. Bc4 b5 18. Bb3 Na5 19. dxe5 dxe5 20. Rfd1 Nxb3 21. axb3 c5 22. c4 b4 23. Qb2 Bc6 24. Nxe5 Nxe4 25. Nxc6 Qxc6 26. Nxe4 Rxe4 27. Rd5 a5 28. Rbd1 a4 29. bxa4 Rxc4 30. Rd7 Qxa4 31. Qe2 Qa2 32. Qf3 Rc2 33. R1d5 Qa1+ 34. Kh2 Qf6 35. Rf5 Qe6 36. Rfxf7 Re8 37. Qb7 Qg6 38. Qd5 Re6 39. Rxf8+ Kxf8 40. Rd8+ Re8 41. Bxc5+ Rxc5 42. Qxc5+ Kf7 43. Qd5+ Kf8 44. Qc5+ Kg8 45. Rxe8+ Qxe8 46. Qxb4 Qe5+ 47. g3 Qe2 48. Qb3+ Kh7 49. Qe3 Qc4 50. Kg2 Qd5+ 51. Qf3 Qd2 52. h4 Qd6 53. Qe3 Qd5+ 54. f3 Qd1 55. Kf2 Qc2+ 56. Qe2 Qc5+ 57. Kg2 Qc3 58. g4 Qc6 59. Qe4+ Qxe4 60. fxe4 Kg6 61. Kf3 Kf6 62. Kf4 g5+ 63. hxg5+ hxg5+ 64. Kf3 Ke5 65. Ke3 Ke6 66. Kd4 Kd6 67. e5+ Ke6 68. Ke4 Ke7 69. Kf5 Kf7 70. Kxg5 Ke6 71. Kh6 Kxe5 72. g5 1-0


[Site "https://www.chess.com"]

[Event "Titled Tuesday Blitz May 30 Early 2023"]
[White "rikchessmx"]
[Black "Ladan, Nicholas"]
[BlackFideId "30918855"]
[WhiteElo "2327"]
[BlackElo "2167"]
[Result "0-1"]
[Round "09"]
[TimeControl "180+2"]
[Date "2023.05.30"]
[WhiteClock "0:01:24"]
[BlackClock "0:01:50"]

1. e4 e5 2. Nf3 Nc6 3. Bb5 a6 4. Ba4 Nge7 5. O-O Ng6 6. Bb3 Bc5 7. c3 O-O 8. d4 Ba7 9. Bg5 Qe8 10. d5 Nce7 11. c4 d6 12. h3 f5 13. Bxe7 Qxe7 14. exf5 Bxf5 15. Nc3 Nf4 16. Ne2 Nxh3+ 17. gxh3 Bxh3 18. Ng3 Bg4 19. Bc2 Bxf3 20. Qd3 Qh4 21. Qxh7+ Qxh7 22. Bxh7+ Kxh7 23. b4 Bd4 24. Rac1 Kg6 25. c5 Rh8 26. Rc4 Rh3 27. Rxd4 exd4 28. Re1 Rah8 0-1


[Site "https://www.chess.com"]

[Event "Titled Tuesday Blitz May 30 Early 2023"]
[White "Sharan, Rao"]
[Black "Rosenberg, Evan S"]
[WhiteFideId "5073464"]
[BlackFideId "2019299"]
[WhiteElo "2231"]
[BlackElo "2325"]
[Result "1-0"]
[Round "09"]
[TimeControl "180+2"]
[Date "2023.05.30"]
[WhiteClock "0:00:08"]
[BlackClock "0:01:13"]

1. d4 d5 2. Nc3 Nf6 3. Bf4 a6 4. e3 Bf5 5. Nf3 e6 6. Ne5 Bb4 7. g4 Bg6 8. h4 Ne4 9. h5 f6 10. hxg6 fxe5 11. Bxe5 Qe7 12. a3 Nxc3 13. Qd2 Ba5 14. bxc3 Nc6 15. Rxh7 O-O-O 16. Rxg7 Nxe5 17. Rxe7 Nf3+ 18. Kd1 Nxd2 19. Kxd2 Rdg8 20. Bd3 Rh2 21. Ke2 Rf8 22. Rf1 Bxc3 23. Rxe6 Kd7 24. Bf5 Kd8 25. g7 Rg8 26. Rg6 Rh7 27. Rd6+ cxd6 28. Bxh7 Rxg7 29. Bf5 Ke7 30. f4 Kf6 31. Kf3 Re7 32. Rf2 Bxd4 33. exd4 1-0


[Site "https://www.chess.com"]

[Event "Titled Tuesday Blitz May 30 Early 2023"]
[White "rionelG"]
[Black "Garakov, Mikhael"]
[BlackFideId "4169034"]
[WhiteElo "2150"]
[BlackElo "2347"]
[Result "0-1"]
[Round "09"]
[TimeControl "180+2"]
[Date "2023.05.30"]
[WhiteClock "0:00:00"]
[BlackClock "0:00:25"]

1. e4 c5 2. g3 d5 3. exd5 Qxd5 4. Nf3 Bg4 5. Bg2 Qe6+ 6. Kf1 Nc6 7. h3 Bh5 8. d3 Nf6 9. Nc3 Qd7 10. g4 Bg6 11. Bf4 e6 12. Ne5 Nxe5 13. Bxe5 Bd6 14. Qe2 O-O-O 15. a4 Bxe5 16. Qxe5 Qd4 17. Re1 Qxe5 18. Rxe5 Nd7 19. Re2 a6 20. b3 Rhe8 21. Bf3 f6 22. Kg2 Ne5 23. Be4 Bf7 24. Rhe1 Ng6 25. Kg3 Kc7 26. f4 Nf8 27. f5 exf5 28. Bxf5 Rxe2 29. Rxe2 Re8 30. Rxe8 Bxe8 31. Kf4 Kd6 32. Ne4+ Kc6 33. Nd2 b5 34. axb5+ axb5 35. h4 Kd5 36. Ke3 g6 37. Be4+ Kd6 38. d4 Bd7 39. Bf3 cxd4+ 40. Kxd4 Ne6+ 41. Ke3 f5 42. gxf5 gxf5 43. c4 b4 44. Be2 Ke5 45. Bd3 f4+ 46. Kf2 Kd4 47. Bxh7 Kc3 48. Ke2 Nd4+ 49. Kd1 Bg4+ 0-1


[Site "https://www.chess.com"]

[Event "Titled Tuesday Blitz May 30 Early 2023"]
[White "Samunenkov, Ihor"]
[Black "Pg, Mohd Omar Ak Hira"]
[WhiteFideId "14187086"]
[BlackFideId "10500103"]
[WhiteElo "2457"]
[BlackElo "2167"]
[Result "1-0"]
[Round "09"]
[TimeControl "180+2"]
[Date "2023.05.30"]
[WhiteClock "0:01:22"]
[BlackClock "0:00:00"]

1. e4 c5 2. Nf3 e6 3. d4 cxd4 4. Nxd4 a6 5. c4 Nf6 6. Nc3 Bb4 7. Qd3 Nc6 8. Be2 Ne5 9. Qg3 Nxe4 10. Qxg7 Ng6 11. Nc2 Qb6 12. Nxb4 Qxf2+ 13. Kd1 Qxg2 14. Rf1 Nf2+ 15. Kc2 b6 16. Be3 Bb7 17. Rxf2 Be4+ 18. Kb3 1-0


[Site "https://www.chess.com"]

[Event "Titled Tuesday Blitz May 30 Early 2023"]
[White "Weishaeutel, Moritz"]
[Black "Toncheva, Nadya"]
[WhiteFideId "12967300"]
[BlackFideId "2924056"]
[WhiteElo "2301"]
[BlackElo "2101"]
[Result "0-1"]
[Round "09"]
[TimeControl "180+2"]
[Date "2023.05.30"]
[WhiteClock "0:00:04"]
[BlackClock "0:00:22"]

1. e4 c5 2. d4 cxd4 3. c3 d3 4. Bxd3 Nc6 5. Nf3 g6 6. O-O Bg7 7. c4 Nf6 8. Nc3 O-O 9. h3 d6 10. Be3 Be6 11. Qd2 Qa5 12. Rfd1 Rfe8 13. Rac1 Rac8 14. Nd5 Qxd2 15. Rxd2 Bxd5 16. exd5 Nb4 17. a3 Nxd3 18. Rxd3 b6 19. Nd4 Nd7 20. Nc6 Bxb2 21. Rb1 Ne5 22. Rb3 Nxc6 23. dxc6 Bf6 24. Bxb6 axb6 25. Rxb6 Bd4 26. Ra6 Kg7 27. Rb7 Kf6 28. Kf1 Ra8 29. Rxa8 Rxa8 30. c7 Rc8 31. Ke2 Ke6 32. Kd3 Bxf2 33. a4 Kd7 34. Rb2 Bc5 35. a5 Rxc7 36. a6 Ra7 37. Ra2 Kc6 38. Ke4 f5+ 39. Kf4 e5+ 40. Kg5 Be3+ 41. Kf6 e4 42. Ke6 Bc5 43. g4 f4 44. Kf6 f3 45. Kg5 e3 46. Kh6 e2 47. Ra1 f2 48. g5 e1=Q 49. h4 Qxa1 50. h5 Qg7# 0-1


[Site "https://www.chess.com"]

[Event "Titled Tuesday Blitz May 30 Early 2023"]
[White "vlajkovicS"]
[Black "Omariev, Maksim"]
[BlackFideId "4193423"]
[WhiteElo "2625"]
[BlackElo "2469"]
[Result "1-0"]
[Round "09"]
[TimeControl "180+2"]
[Date "2023.05.30"]
[WhiteClock "0:01:35"]
[BlackClock "0:00:00"]

1. d4 d5 2. c4 e6 3. Nc3 Nf6 4. Nf3 Be7 5. g3 O-O 6. Bg2 dxc4 7. O-O c5 8. dxc5 Bxc5 9. Ne5 Nbd7 10. Nxc4 Qe7 11. a3 Nb6 12. Ne5 Nfd7 13. Nd3 Bd6 14. b4 Nc4 15. Nb5 Bb8 16. Bb2 a6 17. Nd4 Nxb2 18. Nxb2 Nb6 19. Qc2 e5 20. Nf5 Bxf5 21. Qxf5 Bd6 22. Rfd1 Rfd8 23. Rac1 Rab8 24. h4 g6 25. Qe4 Qe6 26. Qe3 Be7 27. Rxd8+ Bxd8 28. Nd3 Nc4 29. Qc5 Nxa3 30. Nxe5 Be7 31. Qe3 Nb5 32. f4 Bf6 33. Rc5 Re8 34. Bxb7 Nd6 35. Bxa6 Nf5 36. Qd3 Qe7 37. Bc4 Nd6 38. Bb3 Rb8 39. Rc6 Nf5 40. Bxf7+ Kh8 41. Re6 Qd8 42. Re8+ 1-0


[Site "https://www.chess.com"]

[Event "Titled Tuesday Blitz May 30 Early 2023"]
[White "Marn, Jan"]
[Black "Girya, Olga"]
[WhiteFideId "14619245"]
[BlackFideId "4195752"]
[WhiteElo "2242"]
[BlackElo "2263"]
[Result "0-1"]
[Round "09"]
[TimeControl "180+2"]
[Date "2023.05.30"]
[WhiteClock "0:00:00"]
[BlackClock "0:00:02"]

1. d4 Nf6 2. Nf3 d5 3. e3 c5 4. b3 cxd4 5. exd4 Nc6 6. Bd3 Bg4 7. Bb2 e6 8. Nbd2 Be7 9. O-O O-O 10. Qe1 Bh5 11. a3 Bg6 12. Ne5 Nxe5 13. dxe5 Nd7 14. f4 Qb6+ 15. Kh1 Rac8 16. b4 a5 17. Nb3 axb4 18. Bd4 Qc7 19. axb4 Bxd3 20. cxd3 Qc2 21. Nc1 Ra8 22. Rxa8 Rxa8 23. f5 Rc8 24. h3 Bf8 25. Qg3 Qa4 26. fxe6 fxe6 27. Qg4 Qc6 28. b5 Qxb5 29. Qxe6+ Kh8 30. Ne2 Qc6 31. Qg4 Qg6 0-1


[Site "https://www.chess.com"]

[Event "Titled Tuesday Blitz May 30 Early 2023"]
[White "Ambartsumova, Karina"]
[Black "Jovic, Stanoje"]
[WhiteFideId "4166299"]
[BlackFideId "905020"]
[WhiteElo "2240"]
[BlackElo "2236"]
[Result "0-1"]
[Round "09"]
[TimeControl "180+2"]
[Date "2023.05.30"]
[WhiteClock "0:00:00"]
[BlackClock "0:00:09"]

1. Nf3 Nf6 2. c4 c5 3. Nc3 Nc6 4. d4 cxd4 5. Nxd4 g6 6. Nc2 Bg7 7. e4 O-O 8. Be2 d6 9. O-O Be6 10. Be3 Rc8 11. f3 a6 12. Rc1 Qa5 13. Qd2 Rfd8 14. b3 Ng4 15. Nd5 Nxe3 16. Qxa5 Nxa5 17. Ncxe3 Bd4 18. Kh1 Bxe3 19. Nxe3 Nc6 20. f4 f5 21. Bd3 Nb4 22. Bb1 fxe4 23. Bxe4 b5 24. f5 gxf5 25. Bxf5 Bxf5 26. Nxf5 Rd7 27. Rc3 Kh8 28. Re3 e5 29. cxb5 axb5 30. Nh6 Nd5 31. Rg3 Nf4 32. Rg4 Ng6 33. Rb4 d5 34. Rxb5 d4 35. h4 d3 36. Ng4 d2 37. Ne3 Rc1 38. Nd1 Nf4 39. Rxe5 Nd3 40. Re8+ Kg7 41. Kh2 Nb2 42. h5 Rxd1 43. h6+ Kxh6 44. Rg8 Rxf1 0-1


[Site "https://www.chess.com"]